 Dungeon Crawl Stone Soup version 0.27-a0-29-g2d0a2396b0 (webtiles) character file.

Game seed: 2613845694295297123

14 sanka the Sneak (level 2, -8/13 HPs)
             Began as a Spriggan Enchanter on Jan 3, 2021.
             Mangled by a worm (12 damage)
             ... on level 2 of the Dungeon.
             The game lasted 00:01:03 (928 turns).

sanka the Sneak (Spriggan Enchanter)                 Turns: 928, Time: 00:01:04

Health: -8/13      AC:  2    Str:  4    XL:     2   Next: 31%
Magic:  4/6        EV: 19    Int: 16    God:
Gold:   82         SH:  0    Dex: 22    Spells: 3/6 levels left

rFire    . . .     SeeInvis +   a - +1 dagger
rCold    . . .     Faith    .   (shield restricted)
rNeg     . . .     Spirit   .   b - +0 robe
rPois    .         Reflect  .   (helmet restricted)
rElec    .         Harm     .   (no cloak)
rCorr    .         Rampage  .   (gloves unavailable)
Will     .....                  (boots unavailable)
Stlth    ++++......             (no amulet)
HPRegen  0.04/turn              (no ring)
MPRegen  0.10/turn              c - +6 ring of dexterity

@: very quick
A: very small, unfitting armour, see invisible, speed 3
a: no special abilities


You were on level 2 of the Dungeon.
You visited 1 branch of the dungeon, and saw 2 of its levels.

You collected 82 gold pieces.


Innate Abilities, Weirdness & Mutations

You are very small and have problems with some larger weapons.
You are too small for most types of armour.
You have supernaturally acute eyesight. (SInv)
You cover ground extremely quickly.


   Skills:
 - Level 1.1 Short Blades
 - Level 3.0 Dodging
 + Level 5.8 Stealth
 - Level 2.6 Spellcasting
 - Level 3.6 Hexes


You had 3 spell levels left.
You knew the following spells:

 Your Spells              Type           Power        Failure   Level
z - Ensorcelled Hibernat  Hex/Ice        14%          14%         2
Z - Corona                Hex            14%          4%          1

Your spell library contained the following spells:

 Spells                   Type           Power        Failure   Level
 Confusing Touch          Hex            13%          13%         3
 Tukima's Dance           Hex            13%          13%         3
 Dazzling Flash           Conj/Hex       14%          28%         3

Inventory:

Hand Weapons
 a - a +1 dagger (weapon)
Armour
 b - a +0 robe (worn)
Jewellery
 c - a +6 ring of dexterity (right hand)
Scrolls
 d - a scroll of teleportation {unknown}
 f - a scroll of identify {unknown}
Potions
 e - a potion of might {unknown}

Dungeon Overview and Level Annotations

Branches:
Dungeon (2/15)

Altars:

▒▒▒▒ ..▒ ▒.▒
▒.▒▒▒▒▒.▒▒▒▒▒▒▒▒
...............▒
.▒▒▒▒▒.▒▒▒▒▒▒.▒ ▒i▒ ▒.▒
▒.....w.▒ ▒.▒ ▒▒▒▒▒▒▒▒▒
▒.▒ ▒▒▒▒▒.▒▒▒ ▒▒▒▒▒▒▒
▒.).....▒ ▒.▒ ▒.....▒
▒.▒▒▒.▒.▒ ▒.▒ ▒.....▒
▒..▒.▒ ▒.▒▒▒▒▒..▒..▒▒▒
▒.▒▒.▒
▒.▒..........▒▒.▒▒.▒▒.▒


You could see a worm.


Message History

Found a stone staircase leading down.
Found 14 gold pieces.
A frilled lizard comes into view.
A frilled lizard is nearby!
You see here 14 gold pieces.
The helpless frilled lizard fails to defend itself.
You impale the frilled lizard!!
You kill the frilled lizard!
You now have 82 gold pieces (gained 14).
You see here a frilled lizard corpse.
Found a hand axe.
A goblin comes into view.
A goblin is nearby!
The helpless goblin fails to defend itself.
You impale the goblin!!
You kill the goblin!
A worm comes into view.
A worm is nearby!
A worm is nearby!
You hit the worm.
The worm is lightly wounded.
The worm bites you!
Ouch! That really hurt!
* * * LOW HITPOINT WARNING * * *
Aiming: Ensorcelled Hibernation (safe; 14% risk of failure)
Aim: a worm (lightly wounded, chance to affect: 48%)
The worm resists with some effort.
The worm bites you!
Ouch! That really hurt!
You die...

Action                   || total
-------------------------++-------
Melee: Dagger            ||    30
 Cast: Corona            ||     3
       Ensorcelled Hiber ||     4
 Stab: Sleeping          ||     9
Armor: Robe              ||     2
Dodge: Dodged            ||    18

Levels and vault maps discovered:
D:1:      evilmike_arrival_plus, layout_basic
D:2:      layout_loops_cross, kennysheep_generic_room_10

Notes
Turn   | Place    | Note
-------+----------+-------------------------------------------
     0 | D:1      | sanka the Spriggan Enchanter began the quest for the Orb.
     0 | D:1      | Reached XP level 1. HP: 9/9 MP: 5/5
   167 | D:1      | Reached skill level 5 in Stealth
   460 | D:1      | Reached XP level 2. HP: 10/13 MP: 4/6
   530 | D:1      | Learned a level 2 spell: Ensorcelled Hibernation
   928 | D:2      | Mangled by a worm

Vanquished Creatures
  A ball python (D:1)
  3 goblins
  2 hobgoblins (D:1)
  A bat (D:1)
  3 frilled lizards
  4 kobolds (D:1)
  A rat (D:1)
15 creatures vanquished.
